 Dungeon Sprint DCSS version 0.28.0-45-g0d030f2227 (webtiles) character file.

Game seed: 9642582265466737333

115 Baz the Covert (level 4, -3/21 HPs)
             Began as a Spriggan Enchanter on Apr 5, 2022.
             Killed by divine providence
             ... invoked by an oklob sapling priest
              (10 damage)
             ... in the Dungeon (Sprint IV: "Fedhas' Mad Dash").
             The game lasted 00:02:04 (209 turns).

Baz the Covert (Spriggan Enchanter)                  Turns: 209, Time: 00:02:04

Health: -3/21      AC:  2    Str:  4    XL:     4   Next: 68%
Magic:  9/9        EV: 17    Int: 18    God:
Gold:   45         SH:  0    Dex: 15    Spells: 6/9 levels left

rFire   . . .      SeeInvis +   a - +1 dagger
rCold   . . .      Faith    .   (no shield)
rNeg    . . .      Spirit   .   b - +0 robe
rPois   .          Reflect  .   (helmet restricted)
rElec   .          Harm     .   (no cloak)
rCorr   .          Rampage  .   (gloves unavailable)
Will    .....      NoTele   +   (boots unavailable)
Stlth   +++++.....              j - amulet of invisibility {+Inv}
HPRegen 0.07/turn               (no ring)
MPRegen 0.11/turn               (no ring)

@: very quick
A: very small, no large weapons, unfitting armour, see invisible, speed 3
a: Evoke Invisibility


You were in the Dungeon.
You visited 1 branch You collected 45 gold pieces.

Inventory:

Hand Weapons
 a - a +1 dagger (weapon)
Armour
 b - a +0 robe (worn)
Jewellery
 j - the amulet of invisibility (around neck) {+Inv}
   (You found it in the Dungeon)

   [amulet of nothing]

   +Inv:      It lets you turn invisible.
Scrolls
 h - a scroll of magic mapping {unknown}
 i - a scroll of blinking
Potions
 c - 2 potions of invisibility
 d - a potion of curing
 e - a potion of heal wounds
 f - a potion of haste
 g - 2 potions of magic


   Skills:
 - Level 1.1 Short Blades
 - Level 3.1 Dodging
 * Level 12.1 Stealth
 - Level 3.2 Spellcasting
 + Level 7.4 Hexes


You had 6 spell levels left.
You knew the following spells:

 Your Spells              Type           Power      Damage    Failure   Level
a - Confusing Touch       Hex            29%        N/A       2%          3

Your spell library contained the following spells:

 Spells                   Type           Power      Damage    Failure   Level
 Tukima's Dance           Hex            29%        N/A       2%          3
 Ensorcelled Hibernation  Hex/Ice        32%        N/A       5%          2
 Dazzling Flash           Conj/Hex       32%        N/A       11%         3


Dungeon Overview and Level Annotations

Branches:
Dungeon (1/1)

Altars:
Cheibriados
Dithmenos
Elyvilon
Gozag
Hepliaklqana
Kikubaaqudgha
Makhleb
Nemelex Xobeh
Okawaru
Qazlal
Ru
Sif Muna
Trog
Uskayaw
Wu Jian
Xom
Yredelemnul
Zin
The Shining One
Beogh
Jiyva

Annotations:
D exclusion: oklob sapling


Innate Abilities, Weirdness & Mutations

You are very small and have problems with some larger weapons.
You are too small for most types of armour.
You have supernaturally acute eyesight. (SInv)
You cover ground extremely quickly. (Speed+++)


Message History

You now have 11 gold pieces (gained 5).
You now have 24 gold pieces (gained 13).
You now have 33 gold pieces (gained 9).
c - 2 potions of invisibility (gained 1)
You see here a +1 falchion of draining.
Unknown command.
Unknown command.
You open the door.
An oklob sapling comes into view.
Marking area around an oklob sapling as unsafe for travelling.
Found 12 gold pieces.
There is an open door here.
The helpless oklob sapling fails to defend itself.
You spit the oklob sapling like a pig!!!
You destroy the oklob sapling!
Your Stealth skill increases to level 12!
You now have 37 gold pieces (gained 4).
You now have 45 gold pieces (gained 8).
You open the door.
There is an open door here.
There is an open door here.
Which direction?
You close the door.
There is an open door here.
You open the door.
Found ten altars.
An oklob sapling priest comes into view.
Found three altars.
Marking area around an oklob sapling priest as unsafe for travelling.
There is an open door here.
Found three altars.
Found two altars.
Found three altars.
The oklob sapling priest spits acid at you.
The splash of acid hits you!
Ouch! That really hurt!
The oklob sapling priest looks satisfied for a moment.
The oklob sapling priest mumbles some strange prayers to its god against you.
Something smites you!
You die...

###########################
<..P#.....#.....#.⌠._._._._
PP..'.....'.#)..@.._._._._.
PPPP#.....#.#†..#..._._P_._
##############'##.._._._._.
♣........+...#._._._._._
...♣.....#...###########
♣..♣..###### #+ ####


You could see an oklob sapling priest.

Vanquished Creatures
  A scorpion (D)
  2 oklob saplings (D)
  A river rat (D)
  A rat (D)
5 creatures vanquished.

Notes
Turn   | Place    | Note
-------+----------+-------------------------------------------
     0 | D        | Baz the Spriggan Enchanter began the quest for the Orb.
     0 | D        | Reached XP level 1. HP: 9/9 MP: 5/5
    20 | D        | Reached skill level 6 in Stealth
    20 | D        | Reached XP level 2. HP: 11/13 MP: 7/7
   147 | D        | Noticed an oklob sapling
   149 | D        | Killed an oklob sapling
   150 | D        | Reached skill level 8 in Stealth
   150 | D        | Reached skill level 5 in Hexes
   150 | D        | Reached XP level 3. HP: 16/16 MP: 8/8
   155 | D        | Learned a level 3 spell: Confusing Touch
   155 | D        | Noticed a scorpion
   155 | D        | Found the amulet of invisibility {+Inv}
   157 | D        | Killed a scorpion
   158 | D        | Reached skill level 11 in Stealth
   158 | D        | Reached XP level 4. HP: 21/21 MP: 9/9
   184 | D        | Reached skill level 12 in Stealth
   202 | D        | Found an opulent altar of Gozag.
   202 | D        | Found a hazy altar of Hepliaklqana.
   202 | D        | Found a burning altar of Makhleb.
   202 | D        | Found a sparkling altar of Nemelex Xobeh.
   202 | D        | Found a snail-covered altar of Cheibriados.
   202 | D        | Found a sacrificial altar of Ru.
   202 | D        | Found a shimmering blue altar of Sif Muna.
   202 | D        | Found a shimmering altar of Xom.
   202 | D        | Found a basalt altar of Yredelemnul.
   203 | D        | Found a viscous altar of Jiyva.
   203 | D        | Found a bloodstained altar of Trog.
   203 | D        | Found an ornate altar of the Wu Jian Council.
   204 | D        | Found an iron altar of Okawaru.
   204 | D        | Found a glowing silver altar of Zin.
   204 | D        | Found a shadowy altar of Dithmenos.
   205 | D        | Found a hide-covered altar of Uskayaw.
   205 | D        | Found an ancient bone altar of Kikubaaqudgha.
   206 | D        | Found a stormy altar of Qazlal.
   206 | D        | Found a glowing golden altar of the Shining One.
   206 | D        | Found a white marble altar of Elyvilon.
   209 | D        | Killed from afar by an oklob sapling priest

Illustrated notes

Levels and vault maps discovered:
D:        dungeon_sprint_fedhas [sprint_temple]

Skill      XL: |  1  2  3  4 |
---------------+-------------+-----
Dodging        | 3 |  3.1
Stealth        | 6 8 11 12 | 12.1
Spellcasting   | 3 |  3.2
Hexes          | 4 5 7 |  7.4
Short Blades   | |  1.1

Action                   |  1- 3 |  4- 6 || total
-------------------------+-------+-------++-------
Melee: Dagger            |    12 |     1 ||    13
  Use: Potion            |     1 |       ||     1
 Stab: Sleeping          |     2 |     1 ||     3
Dodge: Dodged            |     7 |       ||     7
